 Dungeon Crawl Stone Soup version 0.21.1-1-g345015f (webtiles) character file.

1472 tidbits the Sneak (level 8, -5/58 HPs)
             Began as a Gnoll Enchanter on June 9, 2018.
             Was a Follower of Cheibriados.
             Slain by Sigmund
             ... wielding a cursed -1 scythe
              (6 damage)
             ... on level 6 of the Dungeon.
             The game lasted 00:17:20 (1205 turns).

tidbits the Sneak (Gnoll Enchanter)                 Turns: 1205, Time: 00:17:21

Health: -5/58      AC:  4    Str: 15 (18) XL:     8   Next: 78%
Magic:  17/17      EV: 16    Int: 20 (22) God:    Cheibriados [*.....]
Gold:   163        SH:  0    Dex: 18 (20) Spells: 10/19 levels left

rFire    + . .     SeeInvis .   a - +2 dagger (venom)
rCold    . . .     Gourm    .   D - +0 buckler
rNeg     . . .     Faith    .   w - +0 robe
rPois    .         Spirit   .   E - +2 hat
rElec    .         Reflect  .   (no cloak)
rCorr    .         Harm     .   (no gloves)
MR       .....                  (no boots)
Stlth    ++........             (no amulet)
HPRegen  0.19/turn              r - ring of protection from fire
MPRegen  0.15/turn              (no ring)

@: confused, mighty, very slow
A: distributed training, fangs 1, strong nose
a: Bend Time, Renounce Religion


You were on level 6 of the Dungeon.
You worshipped Cheibriados.
Cheibriados was aware of your devotion.
You were not hungry.

You visited 2 branches of the dungeon, and saw 8 of its levels.

You collected 163 gold pieces.

Inventory:

Hand Weapons
 a - a +2 dagger of venom (weapon)
   (You found it on level 5 of the Dungeon)
 b - the +7 falchion of Obsession {pain, Stlth+}
   (You found it on level 5 of the Dungeon)

   In the hands of one skilled in necromantic magic, it inflicts extra damage on
   living creatures.
   It makes you more stealthy.
 l - a +0 flail
 u - a +1 dagger
 y - a +0 flail of holy wrath
   (You took it off Edmund on level 6 of the Dungeon)
 z - a +3 scimitar of holy wrath
   (You took it off Blork the orc on level 6 of the Dungeon)
Missiles
 h - 45 arrows
 n - a throwing net (quivered) {!f}
 A - 17 stones
Armour
 w - a +0 robe (worn)
 D - a +0 buckler (worn)
 E - a +2 hat (worn)
Magical Staves
 x - an uncursed staff of wizardry {unknown}
   (You found it on level 6 of the Dungeon)
Jewellery
 r - a ring of protection from fire (left hand)
   (You took it off an orc wizard on level 4 of the Dungeon)
Scrolls
 f - a scroll of amnesia {unknown}
 g - a scroll of immolation {unknown}
 j - a scroll of identify {unknown}
 m - a scroll of magic mapping
 p - a scroll of fog {unknown}
 t - a scroll of random uselessness {unknown}
Potions
 e - a potion of berserk rage
 s - a potion of flight {unknown}
 v - a potion of heal wounds {unknown}
Books
 d - a book of Maledictions

   Spells                             Type                      Level
   a - Corona                         Hexes                        1
   b - Ensorcelled Hibernation        Hexes/Ice                    2
   c - Confuse                        Hexes                        3
   d - Tukima's Dance                 Hexes                        3
   e - Dazzling Spray                 Conjuration/Hexes            3
Comestibles
 c - 6 rations


   Skills:
 + Level 3.5 Fighting
 + Level 4.4 Short Blades
 + Level 3.5 Long Blades
 + Level 3.5 Axes
 + Level 3.5 Maces & Flails
 + Level 3.5 Polearms
 + Level 3.5 Staves
 + Level 3.5 Slings
 + Level 3.5 Bows
 + Level 3.5 Crossbows
 + Level 3.5 Throwing
 + Level 3.5 Armour
 + Level 5.8 Dodging
 + Level 7.0 Stealth
 + Level 3.5 Shields
 + Level 3.5 Unarmed Combat
 + Level 6.1 Spellcasting
 + Level 2.8 Conjurations
 + Level 6.2 Hexes
 + Level 2.8 Charms
 + Level 2.8 Summonings
 + Level 2.8 Necromancy
 + Level 2.8 Translocations
 + Level 2.8 Transmutations
 + Level 2.8 Fire Magic
 + Level 2.8 Ice Magic
 + Level 2.8 Air Magic
 + Level 2.8 Earth Magic
 + Level 2.8 Poison Magic
 + Level 3.8 Invocations
 + Level 3.5 Evocations


You had 10 spell levels left.
You knew the following spells:

 Your Spells              Type           Power        Failure   Level  Hunger
a - Corona                Hex            ####...      1%          1    None
c - Confuse               Hex            ####....     2%          3    ##.....
d - Dazzling Spray        Conj/Hex       ###...       4%          3    ##.....
e - Ensorcelled Hibernat  Hex/Ice        ###...       2%          2    None


Dungeon Overview and Level Annotations

Branches:
Dungeon (7/15)             Temple (1/1) D:5

Altars:
Ashenzari
Cheibriados
Nemelex Xobeh
Okawaru
Sif Muna
Trog
Vehumet
Yredelemnul
Zin
The Shining One

Annotations:
D:6 Grinder, Sigmund


Innate Abilities, Weirdness & Mutations

Your experience applies equally to all skills.
You have very sharp teeth.
Your uncanny sense of smell can sniff out nearby items.


Message History

* * * LOW HITPOINT WARNING * * *
You hit the orc.
The orc is moderately wounded.
You block the orc's attack.
Casting: Ensorcelled Hibernation
Confirm with . or Enter, or press ? or * to list all spells.
Aiming: Dazzling Spray
Press: ? - help, Shift-Dir - straight line, f/p - orc priest
Aim: an orc priest, wielding a club (almost dead)
The spray of energy hits the orc priest.
You kill the orc priest!
Cheibriados thoroughly appreciates the change of pace.
The spray of energy hits the orc.
You kill the orc!
Cheibriados appreciates the change of pace.
You slash the orc!
You kill the orc!
Cheibriados appreciates the change of pace.
Things that are here:
a club; an orc corpse
Found a scroll labeled KOL ZUEFFEUSI.
Found 11 gold pieces.
An orc warrior comes into view. It is wielding an enchanted flail.
The orc warrior moves out of view.
An orc wizard comes into view. It is wielding a dagger.
The orc wizard moves out of view. 2 orc wizards come into view.
You see here 11 gold pieces.
You now have 163 gold pieces (gained 11).
The orc wizard shouts!
You hear a shout! x4
The orc wizard moves out of view.
The orc wizard gestures at you while chanting.
The magic dart hits you!
* * * LOW HITPOINT WARNING * * *
You hear a shout!
Sigmund the Dreaded comes into view.
He is wielding an enchanted scythe.
You hear a shout! x2
Grinder comes into view.
Unknown command.
Okay, then.
An orc comes into view. It is wielding a trident.
Casting: Dazzling Spray
Confirm with . or Enter, or press ? or * to list all spells.
Aiming: Ensorcelled Hibernation
Press: ? - help, Shift-Dir - straight line, f - orc warrior
Aim: an orc warrior, wielding an enchanted flail and wearing a plate armour (chance to defeat MR: 54%)
The orc warrior resists with significant effort.
Your +2 dagger of venom begins to drip with poison!
a - a +2 dagger of venom (weapon)
Casting: Ensorcelled Hibernation
Confirm with . or Enter, or press ? or * to list all spells.
Aiming: Ensorcelled Hibernation
Press: ? - help, Shift-Dir - straight line, f/p - orc warrior
Aim: an orc warrior, wielding an enchanted flail and wearing a plate armour (chance to defeat MR: 54%)
The orc warrior resists with significant effort.
The orc warrior hits you with an enchanted flail!
* * * LOW HITPOINT WARNING * * *
Casting: Ensorcelled Hibernation
Confirm with . or Enter, or press ? or * to list all spells.
Aiming: Ensorcelled Hibernation
Press: ? - help, Shift-Dir - straight line, f/p - orc warrior
Aim: an orc warrior, wielding an enchanted flail and wearing a plate armour (chance to defeat MR: 54%)
The orc warrior looks drowsy...
The orc wizard mumbles some strange words.
The orc wizard seems to speed up.
You hear a shout!
The helpless orc warrior fails to defend itself.
You impale the orc warrior!!
You kill the orc warrior!
Cheibriados thoroughly appreciates the change of pace.
Cheibriados raises the support of your attributes as your movement slows.
Your Stealth skill increases to level 7!
The orc wizard casts a spell at you. The puff of frost hits you!
* * * LOW HITPOINT WARNING * * *
Magic courses through your body. The orc wizard misses you.
Sigmund mumbles some strange words.
Sigmund flickers and vanishes!
It was a potion of might.
You feel very mighty all of a sudden. The orc wizard closely misses you.
The orc wizard hits you with a whip.
* * * LOW HITPOINT WARNING * * *
It was a potion of degeneration.
There was something very wrong with that liquid.
You feel weakened.
You feel dopey.
You feel clumsy. The orc wizard hits you with a whip.
* * * LOW HITPOINT WARNING * * *
The orc wizard mumbles some strange words.
The orc wizard blinks!
The orc wizard casts a spell.
The orc wizard flickers and vanishes!
An orc comes into view. It is wielding a dagger.
It was a potion of ambrosia.
You are confused.
You feel invigorated. The orc wizard misses you.
The orc wizard gestures at you while chanting.
The magic dart hits you!
* * * LOW HITPOINT WARNING * * *
Something hits you.
You die...

### ### #.########
#.. ..# #.........
#.# #.# #..#######
#.# #.# #..#
#.###.###))###...
######.##...........#
#...?......##...#####
###.###.#.........
#{o@o.##...#####
.....o########.##
...... #.# ...... #.#
.o.... #+# 5.....
......


You could see 2 orc wizards and an orc.

Vanquished Creatures
  The ghost of Kagorn the Skirmisher, a novice DrFi (D:5)
  Edmund (D:6)
  An ice beast (D:5)
  An orc warrior (D:6)
  An ogre (D:4)
  A centaur (D:5)
  A bullfrog (D:6)
  Blork the orc (D:6)
  A scorpion (D:4)
  A water moccasin skeleton (D:6)
  2 howler monkeys
  A crimson imp (D:6)
  A jelly (D:5)
  2 orc priests (D:6)
  A hound (D:4)
  2 orc wizards
  2 worker ants
  A hound skeleton (D:4)
  3 adders
  4 gnolls (D:5)
  An adder zombie (D:5)
  2 worms
  2 dart slugs
  2 leopard geckos
  16 orcs
  A giant cockroach (D:2)
  A goblin (D:2)
  2 hobgoblins
  4 jackals (D:1)
  2 quokkas
  A ball python (D:1)
  A bat (D:2)
  A frilled lizard (D:4)
  2 jackal skeletons
  2 kobolds
  A quokka skeleton (D:5)
70 creatures vanquished.

Notes
Turn   | Place    | Note
-------+----------+-------------------------------------------
     0 | D:1      | tidbits the Gnoll Enchanter began the quest for the Orb.
     0 | D:1      | Reached XP level 1. HP: 13/13 MP: 6/6
    92 | D:1      | You fall through a shaft!
   137 | D:1      | Reached XP level 2. HP: 7/19 MP: 5/7
   196 | D:2      | Learned a level 2 spell: Ensorcelled Hibernation
   397 | D:3      | Reached skill level 5 in Spellcasting
   397 | D:3      | Reached XP level 3. HP: 10/25 MP: 1/9
   409 | D:3      | Learned a level 3 spell: Confuse
   413 | D:3      | Learned a level 3 spell: Dazzling Spray
   473 | D:4      | Reached skill level 1 in Fighting
   473 | D:4      | Reached skill level 1 in Long Blades
   473 | D:4      | Reached skill level 1 in Axes
   473 | D:4      | Reached skill level 1 in Maces & Flails
   473 | D:4      | Reached skill level 1 in Polearms
   473 | D:4      | Reached skill level 1 in Staves
   473 | D:4      | Reached skill level 1 in Slings
   473 | D:4      | Reached skill level 1 in Bows
   473 | D:4      | Reached skill level 1 in Crossbows
   473 | D:4      | Reached skill level 1 in Throwing
   473 | D:4      | Reached skill level 1 in Armour
   473 | D:4      | Reached skill level 6 in Stealth
   473 | D:4      | Reached skill level 1 in Shields
   473 | D:4      | Reached skill level 1 in Unarmed Combat
   473 | D:4      | Reached skill level 1 in Invocations
   473 | D:4      | Reached skill level 1 in Evocations
   478 | D:5      | Entered Level 5 of the Dungeon
   478 | D:5      | Noticed a centaur
   515 | D:4      | Reached XP level 4. HP: 32/32 MP: 11/11
   516 | D:4      | Noticed an ogre
   545 | D:4      | Killed an ogre
   545 | D:4      | Reached skill level 1 in Conjurations
   545 | D:4      | Reached skill level 1 in Charms
   545 | D:4      | Reached skill level 1 in Summonings
   545 | D:4      | Reached skill level 1 in Necromancy
   545 | D:4      | Reached skill level 1 in Translocations
   545 | D:4      | Reached skill level 1 in Transmutations
   545 | D:4      | Reached skill level 1 in Fire Magic
   545 | D:4      | Reached skill level 1 in Ice Magic
   545 | D:4      | Reached skill level 1 in Air Magic
   545 | D:4      | Reached skill level 1 in Earth Magic
   545 | D:4      | Reached skill level 1 in Poison Magic
   545 | D:4      | Reached XP level 5. HP: 37/37 MP: 12/12
   606 | D:4      | Reached skill level 3 in Short Blades
   615 | D:4      | Reached skill level 2 in Invocations
   615 | D:4      | Reached XP level 6. HP: 44/44 MP: 13/13
   716 | D:4      | Reached skill level 5 in Dodging
   767 | D:5      | Noticed an ice beast
   793 | D:5      | Reached skill level 2 in Fighting
   793 | D:5      | Reached skill level 2 in Long Blades
   793 | D:5      | Reached skill level 2 in Axes
   793 | D:5      | Reached skill level 2 in Maces & Flails
   793 | D:5      | Reached skill level 2 in Polearms
   793 | D:5      | Reached skill level 2 in Staves
   793 | D:5      | Reached skill level 2 in Slings
   793 | D:5      | Reached skill level 2 in Bows
   793 | D:5      | Reached skill level 2 in Crossbows
   793 | D:5      | Reached skill level 2 in Throwing
   793 | D:5      | Reached skill level 2 in Armour
   793 | D:5      | Reached skill level 2 in Shields
   793 | D:5      | Reached skill level 2 in Unarmed Combat
   793 | D:5      | Reached skill level 2 in Evocations
   843 | D:5      | Noticed an ice beast
   848 | D:5      | Got an iridescent falchion
   849 | D:5      | Identified the +7 falchion of Obsession {pain, Stlth+} (You found it on level 5 of the Dungeon)
   852 | D:5      | Noticed Kagorn's ghost (novice DrFi)
   857 | D:5      | Reached XP level 7. HP: 25/50 MP: 13/15
   864 | D:5      | Killed Kagorn's ghost
   864 | D:5      | Reached skill level 2 in Conjurations
   864 | D:5      | Reached skill level 2 in Charms
   864 | D:5      | Reached skill level 2 in Summonings
   864 | D:5      | Reached skill level 2 in Necromancy
   864 | D:5      | Reached skill level 2 in Translocations
   864 | D:5      | Reached skill level 2 in Transmutations
   864 | D:5      | Reached skill level 2 in Fire Magic
   864 | D:5      | Reached skill level 2 in Ice Magic
   864 | D:5      | Reached skill level 2 in Air Magic
   864 | D:5      | Reached skill level 2 in Earth Magic
   864 | D:5      | Reached skill level 2 in Poison Magic
   864 | D:5      | Reached skill level 3 in Invocations
   868 | D:5      | Reached skill level 6 in Hexes
   868 | D:5      | Reached XP level 8. HP: 7/57 MP: 8/16
   877 | D:5      | Found a staircase to the Ecumenical Temple.
   883 | Temple   | Entered the Ecumenical Temple
   900 | Temple   | Became a worshipper of Cheibriados the Contemplative
   945 | D:5      | Reached skill level 4 in Short Blades
  1018 | D:6      | Reached skill level 3 in Fighting
  1018 | D:6      | Reached skill level 3 in Long Blades
  1018 | D:6      | Reached skill level 3 in Axes
  1018 | D:6      | Reached skill level 3 in Maces & Flails
  1018 | D:6      | Reached skill level 3 in Polearms
  1018 | D:6      | Reached skill level 3 in Staves
  1018 | D:6      | Reached skill level 3 in Slings
  1018 | D:6      | Reached skill level 3 in Bows
  1018 | D:6      | Reached skill level 3 in Crossbows
  1018 | D:6      | Reached skill level 3 in Throwing
  1018 | D:6      | Reached skill level 3 in Armour
  1018 | D:6      | Reached skill level 3 in Shields
  1018 | D:6      | Reached skill level 3 in Unarmed Combat
  1018 | D:6      | Reached skill level 3 in Evocations
  1025 | D:6      | Found an iron altar of Okawaru.
  1073 | D:6      | Reached * piety under Cheibriados
  1092 | D:6      | Noticed Edmund
  1097 | D:6      | Killed Edmund
  1097 | D:6      | Reached skill level 6 in Spellcasting
  1104 | D:7      | Found a bloodstained altar of Trog.
  1129 | D:6      | Noticed Blork the orc
  1138 | D:6      | Killed Blork the orc
  1194 | D:6      | Noticed Sigmund
  1195 | D:6      | Noticed Grinder
  1201 | D:6      | Reached skill level 7 in Stealth
  1204 | D:6      | HP: 3/58 [orc wizard/whip (3)]
  1205 | D:6      | HP: 1/58 [orc wizard/magic dart (6)]
  1205 | D:6      | Slain by Sigmund

Skill      XL: |  1  2  3  4  5  6  7  8 |
---------------+-------------------------+-----
Spellcasting   | 5 6 |  6.1
Fighting       | 1 2 3 |  3.5
Long Blades    | 1 2 3 |  3.5
Axes           | 1 2 3 |  3.5
Maces & Flails | 1 2 3 |  3.5
Polearms       | 1 2 3 |  3.5
Staves         | 1 2 3 |  3.5
Slings         | 1 2 3 |  3.5
Bows           | 1 2 3 |  3.5
Crossbows      | 1 2 3 |  3.5
Throwing       | 1 2 3 |  3.5
Armour         | 1 2 3 |  3.5
Stealth        | 6 7 |  7.0
Shields        | 1 2 3 |  3.5
Unarmed Combat | 1 2 3 |  3.5
Invocations    | 1 2 3 |  3.8
Evocations     | 1 2 3 |  3.5
Conjurations   | 1 2 |  2.8
Charms         | 1 2 |  2.8
Summonings     | 1 2 |  2.8
Necromancy     | 1 2 |  2.8
Translocations | 1 2 |  2.8
Transmutations | 1 2 |  2.8
Fire Magic     | 1 2 |  2.8
Ice Magic      | 1 2 |  2.8
Air Magic      | 1 2 |  2.8
Earth Magic    | 1 2 |  2.8
Poison Magic   | 1 2 |  2.8
Short Blades   | 3 4 |  4.4
Dodging        | 5 |  5.8
Hexes          | 6 |  6.2

Action                   |  1- 3 |  4- 6 |  7- 9 || total
-------------------------+-------+-------+-------++-------
Melee: Dagger            |    50 |    41 |    15 ||   106
       Bite              |     7 |     6 |     2 ||    15
       Falchion          |       |     6 |    28 ||    34
 Cast: Corona            |    10 |       |       ||    10
       Ensorcelled Hiber |     8 |    16 |    18 ||    42
       Confuse           |       |     2 |     3 ||     5
       Dazzling Spray    |       |       |     2 ||     2
  Use: Potion            |     5 |     3 |     4 ||    12
       Scroll            |       |     2 |     1 ||     3
 Stab: Sleeping          |     8 |    11 |    15 ||    34
       Invisible         |       |       |     1 ||     1
  Eat: Chunk             |       |       |     1 ||     1
Armor: Robe              |     7 |     4 |     7 ||    18
Dodge: Dodged            |    24 |    25 |    31 ||    80
Block: Buckler           |       |     4 |     6 ||    10
       Rpst.: Falchion   |       |       |     5 ||     5

Table legend:
 A = Turns spent in this place as a percentage of turns spent in the entire game.
 B = Non-inter-level travel turns spent in this place as a percentage of non-inter-level travel turns spent in the entire game.
 C = Inter-level travel turns spent in this place as a percentage of turns spent in this place.
 D = Turns resting spent in this place as a percentage of non-inter-level travel turns spent in this place.
 E = Turns spent auto-exploring this place as a percentage of non-inter-level travel turns spent in this place.
 F = Non-inter-level travel turns spent in this place divided by the number of levels of this place that you've seen.
                   A       B       C       D       E      F
               +-------+-------+-------+-------+-------+----------------------
         Total | 100.0 | 100.0 |   1.7 |   0.0 |   0.0 | 148.1
       Dungeon |  97.4 |  97.4 |   1.7 |   0.0 |   0.0 | 164.9
        Temple |   2.6 |   2.6 |   0.0 |   0.0 |   0.0 |  31.0
               +-------+-------+-------+-------+-------+----------------------

Table legend:
 A = Kills in this place as a percentage of kills in entire the game.
 B = Kills by you in this place as a percentage of kills by you in the entire game.
 C = Kills by friends in this place as a percentage of kills by friends in the entire game.
 D = Other kills in this place as a percentage of other kills in the entire game.
 E = Experience gained in this place as a percentage of experience gained in the entire game.
 F = Experience gained in this place divided by the number of levels of this place that you have seen.
                   A       B       C       D       E      F
               +-------+-------+-------+-------+-------+----------------------
         Total | 100.0 | 100.0 |   N/A | 100.0 | 100.0 | 263.0
       Dungeon | 100.0 | 100.0 |   N/A | 100.0 | 100.0 | 300.6
               +-------+-------+-------+-------+-------+----------------------

Vault maps used:
D:1:      elethiomel_arrival_maze, hangedman_decor_points,
          nemelex_diamond_rough_becter
D:2:      uniq_crazy_yiuf_cottage, uniq_natasha
D:3:      chequers_ecumenical_altar_island, corexii_item_surrounded_by_moat,
          corexii_item_surrounded_by_moat, led_sif_pool
D:4:      first_ration, columned_hall_lemuel, minivault_26
D:5:      minmay_temple_entry_overgrown, serial_bayou_pond_c,
          kennysheep_generic_room_6
D:6:      okawaru_ov_weapons_minmay, uniq_blork_the_orc, uniq_sigmund,
          uniq_grinder, uniq_edmund
D:7:      bloody_trog, grunt_ogre_cave, hex_intersection, uniq_joseph
Temple:   nicolae_temple_the_god_donut
